 Dungeon Crawl Stone Soup version 0.26-a0-1129-gc5df7fbe6a (webtiles) character file.

Game seed: 14387082897310259556

52 streetpizza the Insei (level 3, 0/24 HPs)
             Began as an Octopode Transmuter on Dec 17, 2020.
             Slain by an adder (1 damage)
             ... on level 2 of the Dungeon on Dec 18, 2020.
             The game lasted 00:04:00 (1668 turns).

streetpizza the Insei (Octopode Transmuter)         Turns: 1668, Time: 00:04:00

Health: 0/24       AC:  1    Str:  9    XL:     3   Next: 85%
Magic:  6/6        EV: 13    Int: 16    God:
Gold:   29         SH:  0    Dex: 12    Spells: 5/6 levels left

rFire    . . .     SeeInvis .     - Unarmed
rCold    . . .     Faith    .   (no shield)
rNeg     . . .     Spirit   .   (helmet restricted)
rPois    .         Reflect  .   (no amulet)
rElec    .         Harm     .   (no ring)
rCorr    .         Rampage  .   (no ring)
Will     .....                  (no ring)
Stlth    ++........             (no ring)
HPRegen  0.08/turn              (no ring)
MPRegen  0.10/turn              (no ring)
                                (no ring)
                                (no ring)

@: no status effects
A: almost no armour, stealthy swim, amphibious, 8 rings, constrict 8, camouflage
1, gelatinous body 1
a: no special abilities


You were on level 2 of the Dungeon.
You visited 1 branch of the dungeon, and saw 2 of its levels.

You collected 29 gold pieces.

Inventory:

Jewellery
 a - an uncursed amulet of magic regeneration {unknown}
Scrolls
 b - a scroll of remove curse {unknown}
 c - a scroll of noise {unknown}
 e - a scroll of identify {unknown}
 f - 3 scrolls of enchant weapon {unknown}
Potions
 d - a potion of degeneration {unknown}
 g - a potion of brilliance {unknown}


   Skills:
 + Level 1.7 Fighting
 + Level 2.5 Dodging
 + Level 3.3 Unarmed Combat
 + Level 2.4 Spellcasting
 + Level 2.5 Transmutations


You had 5 spell levels left.
You knew the following spells:

 Your Spells              Type           Power        Failure   Level
a - Beastly Appendage     Tmut           18%          7%          1

Your spell library contained the following spells:

 Spells                   Type           Power        Failure   Level
 Wereblood                Tmut           9%           11%         2
 Spider Form              Tmut/Pois      2%           34%         3
 Ice Form                 Ice/Tmut       5%           75%         4
 Blade Hands              Tmut           4%           89%         5


Dungeon Overview and Level Annotations

Branches:
Dungeon (2/15)

Altars:


Innate Abilities, Weirdness & Mutations

You cannot wear most types of armour.
You are very stealthy in the water. (Stealth+)
You are amphibious.
You can wear up to eight rings at the same time.
You can use your tentacles to constrict eight enemies at once.
Your skin changes colour to match your surroundings (Stealth+).
Your rubbery body absorbs attacks. (AC +1, EV +1)


Message History

A gnoll comes into view.
It is wielding a +2 flail of holy wrath.
A goblin comes into view. It is wielding a +0 dagger.
You tentacle-slap the adder. Your grab misses the adder.
You pierce the adder.
The adder is severely wounded.
Your tentacle spike disappears.
The adder misses you.
You miss the adder. Your grab misses the adder.
The adder is severely wounded.
The adder closely misses you. The hobgoblin hits you. The adder misses you.
You barely miss the adder. Your grab misses the adder.
The adder is severely wounded.
The gnoll hits you with a +0 whip!
* * * LOW HITPOINT WARNING * * *
The hobgoblin closely misses you. The adder closely misses you.
You closely miss the adder. Your grab misses the adder.
The adder is severely wounded.
The gnoll hits you with a +0 whip.
* * * LOW HITPOINT WARNING * * *
The adder bites you.
You die...

#####.....g
.###........##
.............## ##
#............# .##
#............###..#
#................##
..#..........#.....#
......g#Sgg.##.....#
§#.......@...#....##
#######.......†...#
..............#
##...........###
........<......#
..........####..>#
...........# ....
..w##........# #..
...#..#...!. ..


You could see a gnoll, an adder, a dart slug (asleep), a hobgoblin and a goblin.

Vanquished Creatures
  An adder (D:2)
  A worm (D:2)
  2 dart slugs (D:1)
  2 leopard geckos (D:1)
  A giant cockroach (D:1)
  4 goblins (D:1)
  6 hobgoblins (D:1)
  7 bats
  A frilled lizard (D:2)
  5 kobolds (D:1)
  2 rats (D:1)
32 creatures vanquished.

Notes
Turn   | Place    | Note
-------+----------+-------------------------------------------
     0 | D:1      | streetpizza the Octopode Transmuter began the quest for the
                  | Orb.
     0 | D:1      | Reached XP level 1. HP: 13/13 MP: 3/3
   345 | D:1      | Reached XP level 2. HP: 14/18 MP: 5/5
   786 | D:1      | Upgraded the game from 0.26-a0-1126-g3318b609a0 to
                  | 0.26-a0-1129-gc5df7fbe6a
   819 | D:1      | Reached XP level 3. HP: 19/23 MP: 6/6
  1668 | D:2      | HP: 1/24 [gnoll/+0 whip (5)]
  1668 | D:2      | Slain by an adder

Illustrated notes

Levels and vault maps discovered:
D:1:      psy_arrival_wood_between_worlds, layout_basic
D:2:      layout_rooms, lightli_temple_of_fire,
          chequers_ecumenical_altar_simple_redux, uniq_crazy_yiuf_cottage

Action                   || total
-------------------------++-------
Melee: Unarmed           ||    86
       Constrict         ||    24
       Tentacles         ||    14
       Kick              ||     3
 Cast: Beastly Appendage ||     4
 Stab: Sleeping          ||     7
Armor: Skin              ||     9
Dodge: Dodged            ||    60

Table legend: (Time is in decaauts)
 A = Elapsed time spent in this place.
 B = Non-inter-level travel time spent in this place.
 C = Inter-level travel time spent in this place.
 D = Time resting spent in this place.
 E = Time spent auto-exploring this place.
 F = Levels seen in this place.
 G = Mean time per level.
                   A        B        C        D        E       F      G
               +--------+--------+--------+--------+--------+-----+--------+
         Total |   1663 |   1622 |     41 |     27 |   1349 |   2 |  831.5 |
       Dungeon |   1663 |   1622 |     41 |     27 |   1349 |   2 |  831.5 |
               +--------+--------+--------+--------+--------+-----+--------+

Top non-repeatable levels by time:
     D:1: 1590 daAuts
     D:2: 72 daAuts
